 Dungeon Crawl Stone Soup version 0.29-a0-721-g7f417c9bbb (webtiles) character file.

Game seed: 2611506620695661369

1031 porpoise the Caller (level 8, -9/52 HPs)
             Began as a Tengu Summoner on June 27, 2022.
             Killed by an exploding bullfrog (26 damage)
             ... ignited by their inner flame
             ... on level 5 of the Dungeon.
             The game lasted 00:25:00 (6844 turns).

porpoise the Caller (Tengu Summoner)                Turns: 6844, Time: 00:25:01

Health: -9/52      AC:  6    Str: 11    XL:     8   Next: 23%
Magic:  15/15      EV: 13    Int: 16    God:
Gold:   148        SH:  0    Dex: 20    Spells: 5/15 levels left

rFire   . . .      SeeInvis .   a - +1 dagger (drain)
rCold   . . .      Faith    .   (no shield)
rNeg    . . .      Spirit   .   c - +0 ring mail
rPois   .          Reflect  .   (helmet restricted)
rElec   .          Harm     .   f - +0 cloak
rCorr   .          Rampage  .   (no gloves)
Will    +....                   (boots unavailable)
Stlth   ++........              (no amulet)
HPRegen 0.17/turn               d - ring of willpower
MPRegen 0.14/turn               B - +6 ring of dexterity

@: mighty, flying quickly and evasively, quick
A: beak, talons 3, nimble flight
a: no special abilities


You were on level 5 of the Dungeon.
You visited 1 branch of the dungeon, and saw 5 of its levels.

You collected 212 gold pieces.
You spent 64 gold pieces at shops.

Inventory:

Hand Weapons
 a - a +1 dagger of draining (weapon)
 b - a +0 shortbow
 l - a +0 spear of freezing
 w - a +0 trident
Missiles
 h - 8 javelins
 n - 14 poisoned darts
 z - 5 atropa-tipped darts
Armour
 c - a +0 ring mail (worn)
 f - a +0 cloak (worn)
Magical Staves
 m - a staff of cold
Jewellery
 d - a ring of willpower (left hand)
 B - a +6 ring of dexterity (right hand)
Scrolls
 e - 2 scrolls of identify
 j - a scroll of magic mapping
 r - a scroll of amnesia {unknown}
 s - a scroll of immolation
 t - a scroll of silence {unknown}
 u - a scroll of fear {unknown}
 v - a scroll of fog {unknown}
 x - a scroll of brand weapon {unknown}
 y - a scroll of enchant armour {unknown}
 C - a scroll of poison {unknown}
Potions
 g - 2 potions of might
 i - 3 potions of curing
 k - a potion of haste
 o - 2 potions of magic
 q - a potion of attraction
 A - a potion of mutation


   Skills:
 * Level 6.4 Fighting
 - Level 2.0 Short Blades
 - Level 2.1 Dodging
 - Level 2.1 Stealth
 + Level 4.2 Spellcasting
 + Level 7.3 Summonings


You had 5 spell levels left.
You knew the following spells:

 Your Spells              Type           Power      Damage    Failure   Level
a - Summon Small Mammal   Summ           100%       N/A       1%          1
b - Call Imp              Summ           26%        N/A       3%          2
c - Call Canine Familiar  Summ           26%        N/A       6%          3
d - Summon Lightning Spi  Summ/Air       15%        N/A       65%         4

Your spell library contained the following spells:

 Spells                   Type           Power      Damage    Failure   Level
 Summon Guardian Golem    Hex/Summ       15%        N/A       26%         3
 Dazzling Flash           Conj/Hex       6%         N/A       77%         3
 Gell's Gravitas          Tloc           3%         N/A       77%         3
 Lesser Beckoning         Tloc           3%         N/A       77%         3
 Teleport Other           Tloc           3%         N/A       77%         3
 Iskenderun's Mystic Bla  Conj/Tloc      3%         2d3       99%         4
 Starburst                Conj/Fire      1%         6d3       100%        6


Dungeon Overview and Level Annotations

Branches:
Dungeon (5/15)
 Temple: D:4-7

Altars:

Shops:
D:1 ?   D:2 [   D:3 *   D:4 ?

Annotations:
D:5 Ijyb, Menkaure


Innate Abilities, Weirdness & Mutations

You have a beak for a mouth.
You have claws for feet.
Your magical nature lets you fly swiftly and evasively.


Message History

The white imp is severely wounded.
The white imp gestures at you. The puff of frost hits you.
You shoot an arrow. The arrow hits the white imp!
You kill the white imp!
No target in view!
Menkaure, Prince of Dust comes into view.
You shoot an arrow. The arrow closely misses Menkaure.
You hear a croak.
A bullfrog comes into view.
The bullfrog closely misses you.
You shoot an arrow. The arrow barely misses the bullfrog.
The bullfrog misses you.
Menkaure calls on the powers of darkness!
The bullfrog convulses!
Your body is wracked with pain!
The bullfrog hits you.
You sense an unholy aura.
a - a +1 dagger of draining (weapon)
The bullfrog hits you.
You are too injured to fight recklessly!
You feel very mighty all of a sudden. The bullfrog closely misses you.
Ijyb the Twisted Goblin comes into view.
She is wielding a +0 club and carrying a wand of iceblast (7).
The bullfrog closely misses you.
You are too injured to fight recklessly!
You are too injured to fight recklessly!
You are too injured to fight recklessly!
Ijyb shouts!
You hit the bullfrog. You drain the bullfrog. Your kick misses the bullfrog.
The bullfrog is almost dead.
The bullfrog hits you.
As you read the scroll labelled RUAQOOD REPTA, it crumbles to dust.
The creatures around you are filled with an inner flame!
It was a scroll of immolation.
The bullfrog hits you but does no damage.
Unknown command.
You puncture the bullfrog!
The bullfrog explodes!
The fiery explosion engulfs you!!
Ouch! That really hurt!
You die...

##################
#................#
#.##############.#
. #.# #.# ##..#
#.# #@##...# #.#
#....#§§g# #.#
#.#.#.M#...# #.#
#..#.. #...# #.#
..#...#. #.. #.#
#... #...# # .#
#.# #..# ..# . #..
#.# #.. #.. #. ..#
#.# #. ..# .# .#..


You could see Ijyb (inner flame) and Menkaure (inner flame).

Vanquished Creatures
  Grinder (D:4)
  An ogre (D:2)
  A centaur (D:5)
  A bullfrog (D:5)
  A jelly (D:5)
  A gnoll shaman (D:4)
  An orc priest (D:5)
  3 iguanas
  Robin (D:2)
  6 gnolls
  6 adders
  A white imp (D:5)
  An ufetubus (D:5)
  A dart slug (D:4)
  2 orcs (D:4)
  7 bats
  4 endoplasms
  A giant cockroach (D:3)
  8 goblins
  5 hobgoblins
  3 quokkas
  3 ball pythons (D:3)
  3 frilled lizards
  7 kobolds
  6 rats
75 creatures vanquished.

Vanquished Creatures (collateral kills)
  A necrophage (D:4)
  2 iguanas
  2 orc wizards (D:4)
  An adder (D:2)
  9 gnolls
  A worm (D:2)
  5 orcs
  3 ball pythons
  3 endoplasms
  2 giant cockroaches (D:4)
  5 goblins
  6 hobgoblins
  2 kobolds
  2 quokkas
  3 frilled lizards
  4 rats
51 creatures vanquished.

Grand Total: 126 creatures vanquished

Notes
Turn   | Place    | Note
-------+----------+-------------------------------------------
     0 | D:1      | porpoise the Tengu Summoner began the quest for the Orb.
     0 | D:1      | Reached XP level 1. HP: 10/10 MP: 4/4
   465 | D:1      | Reached skill level 1 in Fighting
   465 | D:1      | Reached XP level 2. HP: 14/16 MP: 1/6
   520 | D:1      | Reached skill level 5 in Summonings
   553 | D:1      | Found Rekucuypt's Magic Scroll Emporium.
   856 | D:1      | Learned a level 2 spell: Call Imp
  1210 | D:2      | Found Ecoerosm's Antique Armour Boutique.
  1388 | D:2      | Reached XP level 3. HP: 19/21 MP: 7/7
  1392 | D:2      | Learned a level 3 spell: Call Canine Familiar
  1850 | D:2      | Reached XP level 4. HP: 27/27 MP: 2/8
  2104 | D:2      | Gained mutation: Your magical nature lets you fly swiftly
                  | and evasively. [Tengu growth]
  2104 | D:2      | Reached XP level 5. HP: 17/32 MP: 6/10
  2376 | D:2      | Noticed Robin
  2394 | D:2      | Killed Robin
  2643 | D:2      | Noticed an ogre
  2672 | D:2      | Killed an ogre
  2673 | D:2      | Reached skill level 6 in Summonings
  2673 | D:2      | Reached XP level 6. HP: 27/38 MP: 1/11
  2871 | D:2      | Learned a level 4 spell: Summon Lightning Spire
  3517 | D:3      | Found Vayteinyd's Assorted Antiques.
  3525 | D:3      | Bought a scroll labelled LUNWITU ZEVI for 32 gold pieces
  3525 | D:3      | Bought a scroll labelled RUAQOOD REPTA for 32 gold pieces
  4270 | D:4      | Found Humemeph's Magic Scroll Emporium.
  4335 | D:4      | Upgraded the game from 0.29-a0-717-g6dac4ea423 to
                  | 0.29-a0-721-g7f417c9bbb
  4357 | D:4      | Noticed Grinder
  4386 | D:4      | Killed Grinder
  4387 | D:4      | Reached skill level 5 in Fighting
  4387 | D:4      | Reached XP level 7. HP: 31/44 MP: 7/13
  5139 | D:4      | Reached skill level 7 in Summonings
  5620 | D:4      | Reached skill level 1 in Short Blades
  5988 | D:5      | Entered Level 5 of the Dungeon
  6138 | D:5      | Reached XP level 8. HP: 51/51 MP: 14/14
  6836 | D:5      | Noticed Menkaure
  6841 | D:5      | Noticed Ijyb
  6844 | D:5      | Killed by an exploding bullfrog... ignited by their inner
                  | flame

Illustrated notes

Levels and vault maps discovered:
D:1:      lightli_arrival_noodles, layout_loops_ring, serial_shops, shop,
          minmay_misc_feat_x
D:2:      layout_loops_ring, serial_shops, nicolae_shop_trees,
          minmay_divided_ellipse, uniq_robin
D:3:      layout_basic, serial_shops, shop, grunt_ministairs_9,
          hangedman_decor_riveting
D:4:      layout_cave_pods, serial_shops, nicolae_take_the_stairs, uniq_grinder
D:5:      layout_loops_ring, hex_large, uniq_ijyb, uniq_crazy_yiuf_cottage,
          uniq_menkaure

Skill      XL: |  1  2  3  4  5  6  7  8 |
---------------+-------------------------+-----
Fighting       | 1 2 3 4 5 6 |  6.4
Summonings     | 5 6 7 |  7.3
Spellcasting   | 3 4 |  4.2
Short Blades   | 1 2 |  2.0
Dodging        | |  2.1
Stealth        | |  2.1

Action                   |  1- 3 |  4- 6 |  7- 9 || total
-------------------------+-------+-------+-------++-------
Melee: Unarmed           |    10 |       |       ||    10
       Kick              |     7 |    31 |    20 ||    58
       Peck              |     6 |    17 |    12 ||    35
       Short sword       |    30 |    28 |       ||    58
       Dagger            |       |    76 |    56 ||   132
       Punch             |       |     2 |     3 ||     5
       Spear             |       |       |     6 ||     6
 Fire: Shortbow          |       |       |    13 ||    13
 Cast: Summon Small Mamm |    30 |    17 |    11 ||    58
       Call Imp          |     3 |     8 |     3 ||    14
       Call Canine Famil |     4 |    10 |     5 ||    19
  Use: Scroll            |       |     5 |     5 ||    10
       Potion            |       |       |     1 ||     1
 Stab: Sleeping          |     1 |     5 |       ||     6
       Distracted        |       |       |     1 ||     1
Armor: Robe              |     7 |     8 |       ||    15
       Ring mail         |       |    15 |    26 ||    41
Dodge: Dodged            |    38 |    55 |    55 ||   148

Table legend: (Time is in decaauts)
 A = Elapsed time spent in this place.
 B = Non-inter-level travel time spent in this place.
 C = Inter-level travel time spent in this place.
 D = Time resting spent in this place.
 E = Time spent auto-exploring this place.
 F = Levels seen in this place.
 G = Mean time per level.
                   A        B        C        D        E       F      G
               +--------+--------+--------+--------+--------+-----+--------+
         Total |   6632 |   6349 |    283 |   2445 |   2867 |   5 | 1326.4 |
       Dungeon |   6632 |   6349 |    283 |   2445 |   2867 |   5 | 1326.4 |
               +--------+--------+--------+--------+--------+-----+--------+

Top non-repeatable levels by time:
     D:2: 2254 daAuts
     D:4: 1851 daAuts
     D:1: 1130 daAuts
     D:3: 882 daAuts
     D:5: 513 daAuts
